[Event "Titled Tuesday Blitz December 20 Late 2022"]
[White "Bryakin, Mikhail"]
[Black "Tari, Aryan"]
[WhiteFideId "4165314"]
[BlackFideId "1510045"]
[WhiteElo "2391"]
[BlackElo "2620"]
[Result "0-1"]
[Round "07"]
[TimeControl "180+1"]
[Date "2022.12.20"]
[WhiteClock "0:00:08"]
[BlackClock "0:00:07"]

1. d4 Nf6 2. c4 e6 3. Nf3 d5 4. g3 h6 5. Bg2 Bd6 6. O-O O-O 7. c5 Be7 8. b4 b6 9. Nc3 a5 10. cxb6 axb4 11. bxc7 Qxc7 12. Nb1 Nbd7 13. Bb2 Nb6 14. Nbd2 Na4 15. Qb3 Nc3 16. Bxc3 bxc3 17. Rfc1 Ra3 18. Qc2 Bb4 19. Nb1 Ra6 20. Ne5 Bd7 21. a3 Rc8 22. Qb3 Ba5 23. Qc2 Be8 24. Nd3 Bb6 25. Nb4 Raa8 26. e3 Ba4 27. Qxc3 Qd7 28. Qd2 Ne4 29. Qe1 Rxc1 30. Qxc1 Rc8 31. Qe1 f5 32. Nd2 Nc3 33. Nf3 Qc7 34. Ne5 Ba5 35. Bf1 Be8 36. Kg2 Ne4 37. h4 Qc3 38. Qxc3 Rxc3 39. Ra2 g5 40. hxg5 hxg5 41. Bd3 g4 42. Be2 Ba4 43. Ng6 Rc1 44. Nd3 Rb1 45. Ndf4 Nc3 46. Rd2 Kf7 47. Ne5+ Kf6 48. Bd3 Ra1 49. Rb2 Rxa3 50. Rb7 Be8 51. Nd7+ Bxd7 52. Rxd7 Ne4 53. Bxe4 fxe4 54. Rd6 Ra2 55. Rxe6+ Kf7 56. Re5 Be1 57. Rf5+ Kg7 58. Nxd5 Kg6 59. Ne7+ Kh6 60. Rf4 Kg5 61. Rf5+ Kh6 62. Rf8 Bd2 63. Rf7 Bxe3 64. Rf6+ Kg7 65. Rf5 Bxd4 66. Nd5 e3 67. Nxe3 Bxe3 68. Kf1 Bd2 69. Re5 Kf6 70. Re2 Ra1+ 71. Kg2 Bc3 72. f3 gxf3+ 73. Kxf3 Be5 74. Kg4 Ra4+ 75. Kf3 Ra3+ 76. Re3 Ra1 77. Rd3 Kf5 78. g4+ Kg5 79. Rd5 Kf6 80. Rd3 Ra4 81. Rd8 Rf4+ 82. Ke3 Rxg4 83. Rf8+ Ke6 84. Re8+ Kd5 85. Rd8+ Bd6 86. Rf8 Bxf8 0-1


[Site "https://www.chess.com"]

[Event "Titled Tuesday Blitz December 20 Late 2022"]
[White "Carbone, Diego"]
[Black "Mendez Fortes, Eduardo Jesus"]
[WhiteFideId "3002179"]
[BlackFideId "3502376"]
[WhiteElo "2266"]
[BlackElo "2307"]
[Result "1-0"]
[Round "07"]
[TimeControl "180+1"]
[Date "2022.12.21"]
[WhiteClock "0:00:46"]
[BlackClock "0:01:16"]

1. d4 Nf6 2. c4 e6 3. g3 d5 4. Bg2 dxc4 5. Nf3 a6 6. O-O Nc6 7. e3 Rb8 8. Nfd2 e5 9. Bxc6+ bxc6 10. dxe5 Ng4 11. Nxc4 Be6 12. Nbd2 Bb4 13. b3 h5 14. Qe2 h4 15. Nf3 hxg3 16. fxg3 Bc5 17. Rd1 Qe7 18. Na5 Bd5 19. Rxd5 cxd5 20. Nc6 Qe6 21. Nxb8 Qb6 22. Nxa6 Bxe3+ 23. Bxe3 Nxe3 24. Nxc7+ Kd7 25. Rc1 Rc8 26. e6+ fxe6 27. Ne5+ Ke7 28. Rc6 Qd4 29. Rxe6+ Kf8 30. Qf2+ Kg8 31. Qf7+ Kh8 32. Rh6+ gxh6 33. Ng6# 1-0


[Site "https://www.chess.com"]

[Event "Titled Tuesday Blitz December 20 Late 2022"]
[White "Carlsen, Magnus"]
[Black "Nakamura, Hikaru"]
[WhiteFideId "1503014"]
[BlackFideId "2016192"]
[WhiteElo "2830"]
[BlackElo "2909"]
[Result "1/2-1/2"]
[Round "07"]
[TimeControl "180+1"]
[Date "2022.12.20"]
[WhiteClock "0:00:42"]
[BlackClock "0:00:12"]

1. d4 Nf6 2. Nf3 d5 3. a3 c6 4. Bf4 Nh5 5. Bg5 h6 6. Bh4 g5 7. Bg3 Nxg3 8. hxg3 Bg7 9. e3 c5 10. c3 Qb6 11. Qc2 Nc6 12. Nbd2 Bg4 13. Bd3 Rc8 14. Bf5 Bxf5 15. Qxf5 e6 16. Qb1 g4 17. Nh4 h5 18. O-O Bf6 19. b4 cxd4 20. cxd4 Ne7 21. Nb3 Qd6 22. Nc5 b6 23. Nd3 Bxh4 24. gxh4 Nf5 25. Rc1 O-O 26. Nf4 g3 27. Qb2 Qe7 28. Nxh5 Qxh4 29. Nxg3 Nxg3 30. fxg3 Qxg3 31. Qf2 Qxf2+ 32. Kxf2 Kg7 33. b5 Kf6 34. Kf3 Ke7 35. a4 Kd7 36. Kf4 f6 37. Rxc8 Rxc8 38. Rh1 Kd6 39. Rh6 Rc2 40. g4 f5 41. g5 Rg2 42. Rh7 Rg4+ 43. Kf3 e5 44. Rh6+ Ke7 45. dxe5 Rxg5 46. Kf4 Rg1 47. Kxf5 Rf1+ 48. Kg4 Ra1 49. Rc6 Rg1+ 50. Kf3 Rf1+ 51. Ke2 Ra1 52. Rc7+ Ke6 53. Rxa7 Ra3 54. Rb7 Rxa4 55. Rxb6+ Kxe5 56. Rb8 Ra2+ 57. Kd3 Ra3+ 58. Kd2 Rb3 59. b6 Kd6 60. b7 Kc7 61. Rc8+ Kxb7 62. Rc5 d4 63. e4 Re3 64. Rd5 Rxe4 65. Kd3 Rh4 66. Rxd4 Rxd4+ 67. Kxd4 1/2-1/2


[Site "https://www.chess.com"]

[Event "Titled Tuesday Blitz December 20 Late 2022"]
[White "Caruana, Fabiano"]
[Black "Mekhitarian, Krikor Sevag"]
[WhiteFideId "2020009"]
[BlackFideId "2107660"]
[WhiteElo "2847"]
[BlackElo "2604"]
[Result "1-0"]
[Round "07"]
[TimeControl "180+1"]
[Date "2022.12.20"]
[WhiteClock "0:00:07"]
[BlackClock "0:00:02"]

1. d4 Nf6 2. c4 e6 3. Nc3 Bb4 4. a3 Bxc3+ 5. bxc3 b6 6. f3 Ba6 7. e4 Nc6 8. Bd3 Na5 9. Qe2 c5 10. Bg5 h6 11. Bh4 Qc8 12. d5 d6 13. Bxf6 gxf6 14. Nh3 Qd7 15. O-O O-O-O 16. Nf4 e5 17. Nh5 Qa4 18. Nxf6 Bxc4 19. g4 Bxd3 20. Qxd3 b5 21. Kg2 a6 22. Kg3 Nc4 23. Rf2 Qb3 24. Qc2 Qxc2 25. Rxc2 Nb6 26. h4 Rdf8 27. f4 exf4+ 28. Kxf4 Kd8 29. Re2 Ke7 30. e5 dxe5+ 31. Kxe5 Nc4+ 32. Kf5+ Kd6 33. a4 b4 34. cxb4 cxb4 35. Rd1 Rc8 36. Ne4+ Kd7 37. d6 Rc6 38. Nf6+ Kd8 39. d7 Re6 40. Rxe6 fxe6+ 41. Kxe6 b3 42. g5 hxg5 43. hxg5 Rh2 44. Re1 b2 45. g6 Re2+ 46. Rxe2 b1=Q 47. g7 Qb6+ 48. Kf7 Nd6+ 49. Kf8 Qc5 50. g8=Q Ne8+ 51. Kf7 Qc4+ 52. Re6 1-0


[Site "https://www.chess.com"]

[Event "Titled Tuesday Blitz December 20 Late 2022"]
[White "ChessBrah"]
[Black "Andreikin, Dmitry"]
[BlackFideId "4158814"]
[WhiteElo "2892"]
[BlackElo "3065"]
[Result "0-1"]
[Round "07"]
[TimeControl "180+1"]
[Date "2022.12.21"]
[WhiteClock "0:00:02"]
[BlackClock "0:00:02"]

1. e4 c5 2. Nf3 e6 3. d4 cxd4 4. Nxd4 Nc6 5. Nc3 a6 6. Nxc6 bxc6 7. Bd3 d5 8. O-O Nf6 9. Bf4 Be7 10. Re1 Bb7 11. Qf3 O-O 12. Rad1 Nd7 13. Qh3 g6 14. Na4 c5 15. exd5 exd5 16. b3 Re8 17. Bf1 Bf8 18. Qg3 Qf6 19. h4 Bc6 20. h5 d4 21. Nb2 Qf5 22. hxg6 hxg6 23. Bd3 Qh5 24. Nc4 Bd5 25. a4 Re6 26. f3 Rae8 27. Rxe6 Rxe6 28. Re1 Nf6 29. Re5 Qh8 30. Rxe6 Bxe6 31. Be5 Bg7 32. Qg5 Nd7 33. Qd8+ Kh7 34. Qh4+ Kg8 35. Qxh8+ Kxh8 36. Bxg7+ Kxg7 37. Nd6 Nb8 38. Kf2 a5 39. Nb7 Nc6 40. Be4 Nb4 41. Nxa5 f5 42. Bd3 Kf6 43. Nb7 Bxb3 44. Nxc5 Bxc2 45. Bxc2 Nxc2 46. a5 Nb4 47. a6 Nc6 48. Ke2 Ke5 49. g3 Kd5 50. Nd3 Kd6 51. f4 Kc7 52. Ne5 Nb4 53. Nxg6 Nxa6 54. Ne7 Kd6 55. Nxf5+ Kd5 56. Nh6 Nc5 57. Ng4 Kc4 58. Nf2 d3+ 59. Ke3 Kc3 60. f5 d2 61. g4 Kc2 62. f6 Nd3 0-1


[Site "https://www.chess.com"]

[Event "Titled Tuesday Blitz December 20 Late 2022"]
[White "Crevatin, Leo"]
[Black "Bjelobrk, Igor"]
[WhiteFideId "1726307"]
[BlackFideId "4300726"]
[WhiteElo "2190"]
[BlackElo "2335"]
[Result "0-1"]
[Round "07"]
[TimeControl "180+1"]
[Date "2022.12.21"]
[WhiteClock "0:00:09"]
[BlackClock "0:01:03"]

1. d4 d5 2. Bf4 Nf6 3. e3 e6 4. Nf3 Bd6 5. Ne5 O-O 6. Nd2 c5 7. c3 Qc7 8. Bd3 Nbd7 9. Nxd7 Bxd7 10. Bg3 e5 11. dxe5 Bxe5 12. Bxe5 Qxe5 13. Nf3 Qe7 14. O-O Rfd8 15. Be2 Bf5 16. Qb3 Rd6 17. Rad1 Rad8 18. a4 Rb6 19. Qa3 a6 20. a5 Rc6 21. b4 Ne4 22. b5 axb5 23. Bxb5 Rg6 24. g3 Bg4 25. Be2 Qf6 26. Kg2 Nxc3 27. h3 Bxf3+ 28. Bxf3 Nxd1 29. Rxd1 Qc6 30. e4 d4 31. e5 Qc7 32. Rc1 c4 33. Qb4 c3 34. Bxb7 Rb8 35. Qxd4 Qxb7+ 36. Kg1 Rc6 37. Rxc3 Rxc3 38. Qxc3 Ra8 39. h4 Qa6 40. Qe3 Qxa5 41. e6 fxe6 42. Qxe6+ Kh8 43. Qf7 h6 44. Qf3 Qa7 45. Kh2 Rb8 46. Qf4 Rc8 47. Kg2 Qc5 48. Kg1 Rf8 49. Qd2 Qe5 50. Kg2 Qe4+ 51. Kg1 Qf3 52. Qd4 Re8 53. Qb4 Re2 54. Qb8+ Kh7 55. Qb1+ Qe4 0-1


[Site "https://www.chess.com"]

[Event "Titled Tuesday Blitz December 20 Late 2022"]
[White "Curtis, John"]
[Black "Grave, Jacob Templen"]
[WhiteFideId "3200256"]
[BlackFideId "1542656"]
[WhiteElo "2203"]
[BlackElo "2126"]
[Result "1-0"]
[Round "07"]
[TimeControl "180+1"]
[Date "2022.12.21"]
[WhiteClock "0:01:23"]
[BlackClock "0:00:19"]

1. e4 c6 2. d4 d5 3. exd5 cxd5 4. c4 Nf6 5. Nc3 Nc6 6. Nf3 Bg4 7. cxd5 Nxd5 8. Bc4 e6 9. O-O Be7 10. Nxd5 exd5 11. Bb5 O-O 12. Bxc6 bxc6 13. Be3 Rb8 14. b3 Bd6 15. Rc1 Qf6 16. h3 Bh5 17. g4 Bg6 18. Ne5 Bxe5 19. dxe5 Qxe5 20. Rxc6 Be4 21. Qd4 Qe8 22. Rfc1 f5 23. Rc7 Rf7 24. Rxf7 Qxf7 25. Qxa7 Qxa7 26. Bxa7 Ra8 27. Rc7 fxg4 28. hxg4 h6 29. a4 Bf3 30. Bd4 g5 31. Rg7+ Kf8 32. Rh7 Ra6 33. Bg7+ Kg8 34. Rxh6 Ra7 35. Bd4 Rb7 36. Rh8+ Kf7 37. Rh7+ 1-0


[Site "https://www.chess.com"]

[Event "Titled Tuesday Blitz December 20 Late 2022"]
[White "Da Silva Junior, Sediney Mari"]
[Black "Antonio, Jorge Carlos"]
[WhiteFideId "2132079"]
[BlackFideId "113190"]
[WhiteElo "1996"]
[BlackElo "2247"]
[Result "1-0"]
[Round "07"]
[TimeControl "180+1"]
[Date "2022.12.21"]
[WhiteClock "0:00:52"]
[BlackClock "0:00:49"]

1. e4 c5 2. Nf3 e6 3. c3 Nc6 4. d4 cxd4 5. cxd4 d5 6. e5 Bb4+ 7. Nc3 Nge7 8. Bd3 h6 9. O-O Ng6 10. Bxg6 fxg6 11. Qd3 Ne7 12. Ne2 O-O 13. Nf4 Qe8 14. h4 Nf5 15. a3 Ba5 16. b4 Bb6 17. a4 Bd7 18. b5 Rc8 19. Ba3 Rf7 20. Nxg6 Qd8 21. g3 Rc4 22. Bb2 Ba5 23. Rfc1 Qc7 24. Kg2 Be8 25. Nf4 Rd7 26. Nxe6 Qb6 27. Qxf5 Rf7 28. Qg4 Bd7 29. Rxc4 dxc4 30. d5 c3 31. Ba3 h5 32. Qxh5 Bxe6 33. dxe6 Qxe6 34. Ng5 Rxf2+ 35. Kxf2 Bb6+ 36. Kg2 Qd5+ 37. Kh3 Qxe5 38. Qh7# 1-0


[Site "https://www.chess.com"]

[Event "Titled Tuesday Blitz December 20 Late 2022"]
[White "Delorme, Axel"]
[Black "Rodriguez Santiago, Jaime"]
[WhiteFideId "632023"]
[BlackFideId "3100898"]
[WhiteElo "2478"]
[BlackElo "2025"]
[Result "1-0"]
[Round "07"]
[TimeControl "180+1"]
[Date "2022.12.21"]
[WhiteClock "0:00:14"]
[BlackClock "0:00:11"]

1. e4 c6 2. d4 d5 3. Nc3 dxe4 4. Nxe4 Nf6 5. Nxf6+ exf6 6. Bc4 Bd6 7. Qe2+ Be7 8. Nf3 O-O 9. O-O Re8 10. Re1 Nd7 11. Bf4 Nf8 12. c3 b5 13. Bb3 a5 14. a4 b4 15. h3 Ba6 16. Bc4 Bxc4 17. Qxc4 Qd7 18. Nd2 Ng6 19. Bg3 f5 20. f3 f4 21. Bf2 Rab8 22. Nb3 Bh4 23. Nxa5 Bxf2+ 24. Kxf2 bxc3 25. Qxc3 Nh4 26. Nc4 Qd5 27. Re5 Rxe5 28. Nxe5 Rb3 29. Qd2 f6 30. Ng4 c5 31. a5 cxd4 32. a6 Rb8 33. a7 Ra8 34. Qxf4 h5 35. Nxf6+ gxf6 36. Qxh4 d3 37. Qe4 Qxe4 38. fxe4 Kf7 39. Ke3 Ke6 40. Kxd3 Ke5 41. Ke3 Kd6 42. b4 Kc7 43. Kf4 Kb7 44. Kf5 Kb6 45. g4 Kb5 46. gxh5 Kb6 47. h6 Kb5 48. h7 Kxb4 49. h8=Q Kb5 50. Qxa8 Kb6 1-0


[Site "https://www.chess.com"]

[Event "Titled Tuesday Blitz December 20 Late 2022"]
[White "Donchenko, Alexander"]
[Black "Denishev, Marat"]
[WhiteFideId "24603295"]
[BlackFideId "24131563"]
[WhiteElo "2581"]
[BlackElo "2194"]
[Result "1-0"]
[Round "07"]
[TimeControl "180+1"]
[Date "2022.12.20"]
[WhiteClock "0:01:03"]
[BlackClock "0:00:07"]

1. d4 Nf6 2. c4 c5 3. Nf3 e6 4. g3 b6 5. Bg2 Bb7 6. d5 exd5 7. Ng5 h6 8. Nh3 Ba6 9. cxd5 d6 10. O-O Be7 11. Re1 O-O 12. e4 Nbd7 13. Nc3 b5 14. Bf1 Qb6 15. a4 b4 16. Nb5 Rfe8 17. Nc7 Qxc7 18. Bxa6 Bf8 19. f3 c4 20. Qd4 Ne5 21. Kg2 g6 22. Bd2 Bg7 23. Nf2 Rab8 24. Rac1 c3 25. bxc3 b3 26. Rb1 Nfd7 27. Qe3 Nc5 28. Bb5 Rf8 29. f4 Ned7 30. Nd3 Nxd3 31. Qxd3 Nc5 32. Qc4 Qa5 33. e5 a6 34. Bc6 Qc7 35. Be3 1-0


[Site "https://www.chess.com"]

[Event "Titled Tuesday Blitz December 20 Late 2022"]
[White "Dong, Bao Nghia"]
[Black "Boros, Denes"]
[WhiteFideId "12400343"]
[BlackFideId "722340"]
[WhiteElo "2305"]
[BlackElo "2464"]
[Result "0-1"]
[Round "07"]
[TimeControl "180+1"]
[Date "2022.12.20"]
[WhiteClock "0:01:24"]
[BlackClock "0:01:24"]

1. d4 g6 2. Bf4 Bg7 3. e3 c5 4. c3 Nf6 5. h3 O-O 6. Nf3 b6 7. Be2 Bb7 8. O-O d6 9. Nbd2 Na6 10. a4 Nc7 11. Bh2 a6 12. Qb3 Rb8 13. Rfe1 Bd5 14. Qa3 Qc8 15. b4 cxd4 16. cxd4 Qb7 17. Rec1 Kh8 18. Ne1 Ne4 19. Nxe4 Bxe4 20. f3 Bf5 21. Kh1 Bd7 22. Bg1 f5 23. Nd3 Nd5 24. Rc2 e5 25. e4 fxe4 26. fxe4 Nf6 27. dxe5 Nxe4 28. exd6 Bxh3 29. Rc7 Qd5 30. Rxg7 Nf2+ 0-1


[Site "https://www.chess.com"]

[Event "Titled Tuesday Blitz December 20 Late 2022"]
[White "Dzierzak, Radoslaw"]
[Black "Myers, Dominique"]
[WhiteFideId "1161407"]
[BlackFideId "2041715"]
[WhiteElo "2111"]
[BlackElo "1953"]
[Result "1-0"]
[Round "07"]
[TimeControl "180+1"]
[Date "2022.12.21"]
[WhiteClock "0:00:39"]
[BlackClock "0:01:41"]

1. e4 e5 2. Nf3 Qe7 3. Nc3 c6 4. d4 d6 5. dxe5 dxe5 6. Bc4 h6 7. O-O Bg4 8. h3 Bh5 9. Be3 Nd7 10. a4 g5 11. a5 Bg7 12. a6 b5 13. Nxb5 cxb5 14. Bxb5 Nf6 15. g4 Bg6 16. Bc6 Bxe4 17. Bxe4 Nxe4 18. Qd5 O-O 19. Qxe4 Rfe8 20. Ra5 Nf8 21. Bc5 Qc7 22. Rb5 Ne6 23. b4 Nf4 24. Kh2 Qd7 25. Rb7 Qe6 26. Rd1 Qxa6 27. c4 Rad8 28. Rdd7 Rxd7 29. Rxd7 Qa1 30. Qf5 e4 31. Qxf7+ Kh7 32. Bd4 Qxd4 33. Rxd4 exf3 34. Qxe8 Bxd4 35. Qe4+ 1-0


[Site "https://www.chess.com"]

[Event "Titled Tuesday Blitz December 20 Late 2022"]
[White "Fernandez De La Vara, Arnaldo"]
[Black "Mikhalsky, Vladimir"]
[WhiteFideId "3518388"]
[BlackFideId "14144352"]
[WhiteElo "2387"]
[BlackElo "2272"]
[Result "1-0"]
[Round "07"]
[TimeControl "180+1"]
[Date "2022.12.21"]
[WhiteClock "0:00:08"]
[BlackClock "0:00:30"]

1. Nf3 c5 2. g3 d5 3. Bg2 f6 4. d4 cxd4 5. Nxd4 e5 6. Nb3 Be6 7. c4 Ne7 8. Nc3 e4 9. cxd5 Nxd5 10. Nxe4 Bb4+ 11. Bd2 O-O 12. O-O Nc6 13. Rc1 Bxd2 14. Qxd2 Ndb4 15. Nec5 Qxd2 16. Nxd2 Bxa2 17. Nxb7 Nd4 18. Kh1 Nxe2 19. Rc7 Rf7 20. Rxf7 Bxf7 21. Nd6 Rd8 22. N2c4 Nd3 23. Nxf7 Kxf7 24. Bf3 Nd4 25. Be4 Nc5 26. Bb1 Nf3 27. Kg2 Nd2 28. Rd1 Ncb3 29. Ba2 Rd4 30. Nxd2 Kg6 31. Bxb3 Rb4 32. Bc2+ Kh6 33. b3 Rb5 34. Nc4 Rc5 35. Rd7 1-0


[Site "https://www.chess.com"]

[Event "Titled Tuesday Blitz December 20 Late 2022"]
[White "Ferreira, Vitor Hugo Vieira"]
[Black "Gerbelli Neto, Eduardo"]
[WhiteFideId "2119765"]
[BlackFideId "2103281"]
[WhiteElo "2146"]
[BlackElo "2178"]
[Result "1-0"]
[Round "07"]
[TimeControl "180+1"]
[Date "2022.12.21"]
[WhiteClock "0:00:10"]
[BlackClock "0:00:02"]

1. e4 e5 2. Nf3 Nc6 3. Bb5 a6 4. Ba4 d6 5. O-O Bg4 6. c3 Qf6 7. d4 b5 8. d5 Bxf3 9. gxf3 Nce7 10. Bc2 Ng6 11. a4 Rb8 12. axb5 axb5 13. Kh1 Nh4 14. f4 exf4 15. Qg4 g5 16. Na3 Nh6 17. Qe2 Be7 18. f3 Rg8 19. Nxb5 Bd8 20. Nd4 g4 21. Nc6 gxf3 22. Rxf3 Nxf3 23. Qxf3 Rc8 24. Ba4 Kf8 25. Bxf4 Ng4 26. Rf1 h5 27. Nxd8 Rxd8 28. Bh6+ Ke7 29. Bf4 Rg6 30. h3 Rdg8 31. hxg4 hxg4 32. Qg3 Rh8+ 33. Kg1 Rh3 34. Qg2 Qh4 35. Bd1 g3 36. Rf3 Rh2 37. Qxg3 Rxg3+ 38. Bxg3 Qh3 39. Bxh2 Qg4+ 40. Kf2 Qh4+ 41. Bg3 Qh1 42. Be2 Qc1 43. Bh4+ f6 44. Bxf6+ Kd7 45. Bh4 Qxb2 46. Re3 Ke8 47. Bg3 Qd2 48. Rf3 Ke7 49. Bh4+ Ke8 50. Bg3 Qg5 51. Bf4 Qh4+ 52. Ke3 Qe1 53. Rg3 Qxc3+ 54. Bd3 Qe1+ 55. Kf3 Qd1+ 56. Be2 Qb3+ 57. Kf2 Qc2 58. Kf3 Kf7 59. Rg5 Qc3+ 60. Be3 Qb2 61. Rf5+ Ke7 62. Bg5+ Ke8 63. Ke3 Qc3+ 64. Kf4 Qd2+ 65. Kf3 Qc3+ 66. Kf2 Qc2 67. Kf1 1-0


[Site "https://www.chess.com"]

[Event "Titled Tuesday Blitz December 20 Late 2022"]
[White "Figorito, Nick"]
[Black "Yuan, Qingyu"]
[WhiteFideId "30923689"]
[BlackFideId "8609772"]
[WhiteElo "2410"]
[BlackElo "2359"]
[Result "0-1"]
[Round "07"]
[TimeControl "180+1"]
[Date "2022.12.21"]
[WhiteClock "0:00:03"]
[BlackClock "0:00:09"]

1. Nf3 d5 2. g3 c5 3. Bg2 Nc6 4. d4 Nf6 5. O-O e6 6. c4 dxc4 7. Ne5 Bd7 8. Nxc6 Bxc6 9. Bxc6+ bxc6 10. Qa4 cxd4 11. Qxc6+ Nd7 12. Qxc4 Bc5 13. b4 Bb6 14. a4 Qc8 15. Qb3 a6 16. Ba3 O-O 17. Rc1 Qb7 18. Nd2 Rfc8 19. Nc4 Qd5 20. Nd2 Qb7 21. Nc4 Qd5 22. Nd2 Qe5 23. Qf3 h5 24. Nc4 Qd5 25. Qxd5 exd5 26. Nxb6 Nxb6 27. Bb2 Rc4 28. Rxc4 dxc4 29. Bxd4 Nd5 30. Bc5 Rc8 31. Rc1 a5 32. e4 axb4 33. exd5 Rxc5 34. d6 c3 35. d7 Rd5 36. Rb1 c2 37. Rc1 b3 38. Kg2 Rxd7 0-1


[Site "https://www.chess.com"]

[Event "Titled Tuesday Blitz December 20 Late 2022"]
[White "Flynn, Jacob"]
[Black "Cruz Mendez, Jean Marco"]
[WhiteFideId "2509393"]
[BlackFideId "3526402"]
[WhiteElo "2053"]
[BlackElo "2064"]
[Result "1-0"]
[Round "07"]
[TimeControl "180+1"]
[Date "2022.12.21"]
[WhiteClock "0:01:04"]
[BlackClock "0:00:50"]

1. d4 Nf6 2. c4 c5 3. d5 d6 4. Nc3 g6 5. e4 Bg7 6. Nf3 O-O 7. Be2 e5 8. O-O Nbd7 9. Ne1 Ne8 10. Be3 f5 11. f3 f4 12. Bf2 g5 13. Nd3 h5 14. Rb1 Ndf6 15. b4 b6 16. bxc5 bxc5 17. Kh1 g4 18. Rg1 Qe7 19. g3 fxg3 20. Bxg3 Qf7 21. fxg4 hxg4 22. Qd2 Qh5 23. Nf2 Nh7 24. Qd1 Nef6 25. Nb5 Rd8 26. Nc7 Ng5 27. Nxa8 Ngxe4 28. Nxe4 Nxe4 29. Bd3 Ng5 30. Nc7 Rf8 31. Ne6 Nxe6 32. dxe6 Bxe6 33. Be4 Bh6 34. Bd5 1-0


[Site "https://www.chess.com"]

[Event "Titled Tuesday Blitz December 20 Late 2022"]
[White "Goltsev, Dmitry"]
[Black "Mihajlov, Sebastian"]
[WhiteFideId "24176710"]
[BlackFideId "1512110"]
[WhiteElo "2327"]
[BlackElo "2464"]
[Result "1/2-1/2"]
[Round "07"]
[TimeControl "180+1"]
[Date "2022.12.20"]
[WhiteClock "0:00:03"]
[BlackClock "0:00:39"]

1. e4 e5 2. Nf3 Nc6 3. Bb5 a6 4. Ba4 f5 5. O-O fxe4 6. Bxc6 dxc6 7. Nxe5 Qf6 8. Nc4 Be6 9. Ne3 O-O-O 10. Nc3 Qg6 11. b3 Nf6 12. Bb2 Bd6 13. Ne2 Rhf8 14. Ng3 Ng4 15. Nxg4 Bxg4 16. Qe1 Rde8 17. Qe3 Kb8 18. Rae1 h5 19. Kh1 h4 20. Nxe4 h3 21. Rg1 hxg2+ 22. Rxg2 Qh5 23. d3 Bf3 24. Kg1 Bxg2 25. Kxg2 Qxh2+ 26. Kf1 Qh1+ 27. Ke2 Qh5+ 28. f3 g5 29. Rg1 Bf4 30. Qf2 Be5 31. Bc1 Rf5 32. Rg4 Ref8 33. Rxg5 Rxg5 34. Nxg5 Bf4 35. Bxf4 Rxf4 36. Ne4 b6 37. Qe3 Qh2+ 38. Qf2 Qh1 39. Qg3 Rf8 40. Qg5 Qb1 41. Kd2 Qxa2 42. Qe7 Qa5+ 43. b4 Qf5 44. Ng5 Qf4+ 45. Kd1 Rf5 46. Ne6 Qxf3+ 47. Kc1 Qe3+ 48. Kb2 Qe5+ 49. d4 Qd6 50. Qe8+ Ka7 51. c3 Rf2+ 52. Ka3 Re2 53. Qc8 Rxe6 54. Kb3 Qd5+ 55. Ka3 Re2 56. Qxc7+ Ka8 57. Qc8+ 1/2-1/2


[Site "https://www.chess.com"]

[Event "Titled Tuesday Blitz December 20 Late 2022"]
[White "Gomes, Luiz Alexandre de Souza"]
[Black "Torres Dominguez, David"]
[WhiteFideId "2102790"]
[BlackFideId "2220857"]
[WhiteElo "2382"]
[BlackElo "2037"]
[Result "1-0"]
[Round "07"]
[TimeControl "180+1"]
[Date "2022.12.21"]
[WhiteClock "0:01:33"]
[BlackClock "0:00:07"]

1. e4 Nc6 2. Nf3 e5 3. Bb5 Nge7 4. O-O g6 5. c3 Bg7 6. d4 O-O 7. d5 a6 8. Ba4 Na7 9. c4 d6 10. h3 c5 11. dxc6 Naxc6 12. Nc3 Qc7 13. Qe2 Nd4 14. Nxd4 exd4 15. Nd5 Nxd5 16. cxd5 b5 17. Bb3 f5 18. Bd2 fxe4 19. Qxe4 Bf5 20. Qh4 Qf7 21. Rac1 Bf6 22. Bg5 Bxg5 23. Qxg5 Bd3 24. Rfd1 Qxf2+ 25. Kh1 Be4 26. Rc7 Qf5 27. Qxf5 Bxf5 28. Rxd4 Rf7 29. Rc6 Rd7 30. a4 Re8 31. Rxa6 Re2 32. axb5 Rxb2 33. Rb4 Re7 34. Ra2 Rxa2 35. Bxa2 Re2 36. b6 Be4 37. b7 Bxg2+ 38. Kg1 1-0


[Site "https://www.chess.com"]

[Event "Titled Tuesday Blitz December 20 Late 2022"]
[White "Goncalves, Davi Sulzbacher"]
[Black "Alex_Sahakyan2006"]
[WhiteFideId "2154510"]
[WhiteElo "2182"]
[BlackElo "2621"]
[Result "0-1"]
[Round "07"]
[TimeControl "180+1"]
[Date "2022.12.21"]
[WhiteClock "0:00:03"]
[BlackClock "0:01:27"]

1. Nf3 g6 2. e4 c5 3. d4 cxd4 4. Qxd4 Nf6 5. e5 Nc6 6. Qh4 Nxe5 7. Nxe5 Qa5+ 8. Nc3 Qxe5+ 9. Be2 Bg7 10. Bf4 Qc5 11. Be3 Qa5 12. Bh6 O-O 13. Bxg7 Kxg7 14. O-O-O d6 15. g4 h6 16. f4 g5 17. Qf2 gxf4 18. h4 Qe5 19. g5 Ne4 20. Nxe4 Qxe4 21. gxh6+ Kxh6 22. Kb1 Be6 23. Bd3 Qe3 24. Qh2 Rg8 25. Rhf1 Rg4 26. Rde1 Qg3 27. Qd2 Rag8 28. b3 Qg2 29. Qb4 f3 30. Qxb7 f2 31. Rxe6+ fxe6 32. Qxe7 R4g6 33. h5 Qg5 34. Qxd6 Rf6 35. Qc5 Qxc5 0-1


[Site "https://www.chess.com"]

[Event "Titled Tuesday Blitz December 20 Late 2022"]
[White "Goroshkov, Maksym"]
[Black "Silva, Miguel Antonio Neto"]
[WhiteFideId "14142716"]
[BlackFideId "1911929"]
[WhiteElo "2258"]
[BlackElo "2223"]
[Result "0-1"]
[Round "07"]
[TimeControl "180+1"]
[Date "2022.12.21"]
[WhiteClock "0:01:26"]
[BlackClock "0:01:27"]

1. e4 c5 2. d4 cxd4 3. c3 dxc3 4. Nxc3 Nc6 5. Nf3 d6 6. Bb5 Bd7 7. O-O Nf6 8. Bg5 e6 9. Qe2 Be7 10. Rfd1 Qb8 11. Bf4 Ne5 12. Bxe5 dxe5 13. Bxd7+ Nxd7 14. Qb5 Qc7 15. Nxe5 Qxe5 16. Qxd7+ Kf8 17. Qxb7 Rb8 18. Qxa7 g6 19. Rac1 Bc5 20. Qa5 Bxf2+ 21. Kxf2 Qxa5 22. b3 Kg7 23. Ne2 Rhd8 24. Nd4 Qxa2+ 25. Kf3 Rxd4 26. Rxd4 Rxb3+ 27. Kf4 Qf2+ 28. Ke5 Rb5+ 29. Rd5 Rxd5+ 30. exd5 Qe3+ 31. Kd6 Qxc1 32. dxe6 fxe6 33. Kxe6 Qd2 34. g4 Qxh2 35. g5 Qf4 36. Kd5 Qxg5+ 37. Ke4 Qf6 38. Ke3 Qf5 39. Ke2 Qf4 40. Kd3 Qe5 41. Kc4 Qd6 42. Kb5 Qc7 43. Ka6 Qb8 44. Ka5 Qb7 45. Ka4 Qb2 46. Ka5 Qb3 47. Ka6 g5 48. Ka7 Kf6 49. Ka6 Ke7 50. Ka7 Kd6 51. Ka8 Kc6 52. Ka7 Qb5 53. Ka8 Kc7 54. Ka7 g4 55. Ka8 h6 56. Ka7 h5 57. Ka8 h4 58. Ka7 h3 59. Ka8 g3 60. Ka7 g2 61. Ka8 h2 62. Ka7 g1=Q+ 63. Ka8 h1=B# 0-1


[Site "https://www.chess.com"]

[Event "Titled Tuesday Blitz December 20 Late 2022"]
[White "Goryachkina, Aleksandra"]
[Black "Kamsky, Gata"]
[WhiteFideId "4147103"]
[BlackFideId "2000024"]
[WhiteElo "2484"]
[BlackElo "2666"]
[Result "0-1"]
[Round "07"]
[TimeControl "180+1"]
[Date "2022.12.20"]
[WhiteClock "0:00:02"]
[BlackClock "0:00:39"]

1. Nf3 Nf6 2. c4 g6 3. Nc3 Bg7 4. e4 d6 5. d4 c6 6. Be2 a6 7. O-O b5 8. a3 O-O 9. h3 bxc4 10. Bxc4 d5 11. Bd3 dxe4 12. Nxe4 Nxe4 13. Bxe4 Be6 14. Bf4 Bd5 15. Re1 e6 16. Be5 a5 17. Rc1 a4 18. Bxg7 Kxg7 19. Ne5 Qb6 20. Qd2 Ra7 21. Ng4 Nd7 22. Bxd5 cxd5 23. Rc3 h5 24. Ne5 Nxe5 25. dxe5 Rb8 26. Re2 Rc7 27. Rxc7 Qxc7 28. Qd4 Qc6 29. Kh2 Rc8 30. Qf4 Qd7 31. Rd2 Kg8 32. Rd4 Ra8 33. Rb4 Qc7 34. g3 Qc2 35. Rb7 Qf5 36. Qxf5 gxf5 37. Kg2 Rc8 38. Rb4 Rc2 39. Kf3 Kg7 40. g4 hxg4+ 41. hxg4 Kg6 42. gxf5+ Kxf5 43. Rf4+ Kxe5 44. Rxf7 Rxb2 0-1


[Site "https://www.chess.com"]